AoeStats
← danjo

MegaRandom

505177820Analyzed
1v1 RM · 25d ago on Sep 8, 2026· 41m 9s· 2 players
Game mode
Random Map
Map size
Tiny (2 player)
Population
200
Speed
Normal
Resources
Standard
Victory
Conquest
Starting age
Dark Age
Ending age
Imperial Age
RankedLock teamsTeams togetherTeam positionsShared explorationLock speedFull tech treeHidden civsTurbo modeCheats
Victory
Defeat
🇨🇦 Armenians · Canada
1057
+16
🇩🇪 Malians · Germany
1066
-16
BuddyDudeMan
10:53 Feudal Age
9:31 Loom
14:49 Castle Age
12:46 Double-Bit Axe
12:54 Gold Mining
15:29 Fletching
17:06 Sanctity
25:59 Redemption
30:28 Fervor
40:16 Ballistics
danjo
11:10 Feudal Age
16:53 Castle Age
40:20 Scale Mail Armor
Connection lost

Rejoining the realm…

Still unreachable

The connection could not be restored.

Session expired

The server has moved on; the page needs a fresh start.